 Dungeon Crawl Stone Soup version 0.24.0-1-gfbc8707 (webtiles) character file.

Game seed: 12419726675119789556, levelgen mode: deterministic

4370 Blackhawk the Protected (level 10, -1/65 HPs)
             Began as a Gargoyle Fighter on Nov 11, 2019.
             Was a Follower of Okawaru.
             Slain by a two-headed ogre
             ... wielding a +0 giant spiked club
              (20 damage)
             ... on level 10 of the Dungeon.
             The game lasted 00:12:20 (7786 turns).

Blackhawk the Protected (Gargoyle Fighter)          Turns: 7786, Time: 00:12:21

Health: -1/65      AC: 28    Str: 22    XL:     10   Next: 34%
Magic:  8/10       EV: 10    Int: 10    God:    Okawaru [*.....]
Gold:   353        SH: 13    Dex:  9    Spells: 9/9 levels left

rFire    . . .     SeeInvis .   d - +4 mace (venom)
rCold    . . .     Gourm    .   c - +0 shield
rNeg     + . .     Faith    .   j - +4 chain mail {MR+}
rPois    ∞         Spirit   .   (no helmet)
rElec    +         Reflect  .   o - +1 cloak
rCorr    .         Harm     .   (no gloves)
MR       +....                  F - +0 pair of boots
Stlth    ..........             (no amulet)
HPRegen  0.20/turn              (no ring)
MPRegen  0.12/turn              (no ring)

@: heroism, studying Axes
A: negative energy resistance 1, electricity resistance, unbreathing,
petrification resistance, rot immunity, AC +7
a: Heroism, Renounce Religion


You were on level 10 of the Dungeon.
You worshipped Okawaru.
Okawaru was aware of your devotion.
You were hungry.

You visited 2 branches of the dungeon, and saw 11 of its levels.
You also visited: Sewer and Ossuary.

You collected 353 gold pieces.

Inventory:

Hand Weapons
 a - a +0 war axe
 d - a +4 mace of venom (weapon)
Missiles
 g - a throwing net (quivered)
Armour
 b - a +0 scale mail
 c - a +0 shield (worn)
 j - a +4 chain mail of magic resistance (worn)
 o - a +1 cloak (worn)
 F - a +0 pair of boots (worn)
Jewellery
 C - an uncursed ring of ice {unknown}
Wands
 i - a wand of acid (17)
 t - a wand of polymorph (8)
 J - a wand of clouds (5)
Scrolls
 e - 4 scrolls of identify
 k - a scroll of teleportation
 m - 3 scrolls of enchant armour {unknown}
 n - 7 scrolls of remove curse
 y - 2 scrolls of fear
 A - 4 scrolls of magic mapping
 G - a scroll of enchant weapon {unknown}
 I - a scroll of silence {unknown}
Potions
 h - 11 potions of heal wounds
 l - 2 potions of resistance {unknown}
 p - 2 potions of lignification {unknown}
 q - 2 potions of mutation {unknown}
 r - 4 potions of agility {unknown}
 u - a potion of haste {unknown}
 v - 5 potions of curing {unknown}
 w - 5 potions of might
 x - a potion of flight {unknown}
 B - 2 potions of brilliance {unknown}
 D - 2 potions of berserk rage {unknown}
 E - 2 potions of degeneration {unknown}
 H - a potion of magic {unknown}
Books
 s - a manual of Axes
Comestibles
 f - 14 rations


   Skills:
 + Level 8.8(13.8) Fighting
 - Level 3.2(10.0) Axes
 + Level 6.6(12.1) Maces & Flails
 + Level 8.8(13.8) Armour
 + Level 8.7(13.7) Shields


You had 9 spell levels left.
You didn't know any spells.
Your spell library contained the following spells:

 Spells                   Type           Power        Failure   Level  Hunger
 Infusion                 Chrm           #...         92%         1    ##.....
 Shock                    Conj/Air       #...         92%         1    ##.....
 Shroud of Golubria       Chrm/Tloc      #.....       98%         2    ###....
 Song of Slaying          Chrm           #.......     98%         2    ###....
 Swiftness                Chrm/Air       #.......     98%         2    ###....
 Regeneration             Chrm/Necr      #.........   100%        3    ####...
 Spectral Weapon          Hex/Chrm       #.......     100%        3    ####...
 Static Discharge         Conj/Air       #.......     100%        3    ####...
 Airstrike                Air            #.........   100%        4    #####..
 Lightning Bolt           Conj/Air       #.........   100%        5    ######.


Dungeon Overview and Level Annotations

Branches:
Dungeon (11/15)            Temple (1/1) D:7           Sewer (visited)
Ossuary (visited)
   Lair: D:8-11         Orc: D:9-12

Altars:
Ashenzari
Cheibriados
Fedhas
Hepliaklqana
Nemelex Xobeh
Okawaru
Vehumet
Yredelemnul
The Shining One
Beogh

Annotations:
D:4 exclusion: statue
D:5 2 transporters, alcopop's ghost, amateur DsSu
D:6 3 runed translucent doors, porkupine's ghost, novice MiAK


Innate Abilities, Weirdness & Mutations

You are resistant to torment.
Your stone body is resilient. (AC +7)
You are immune to poison.
You resist negative energy. (rN+)
You are resistant to electric shocks. (rElec)
You can survive without breathing.
You are immune to petrification.
You are immune to rotting.


Message History

That item cannot be evoked!
You start resting.
The orc warrior is too close now for your liking.
You start resting.
The orc warrior is too close now for your liking.
The orc warrior shouts!
The orc warrior throws a stone.
The stone hits you but does no damage.
You see here a stone.
There are monsters nearby!
The two-headed ogre shouts in stereo!
The orc warrior throws a stone.
The stone hits you but does no damage.
Things that are here:
a stone; a cursed +0 trident; a +0 robe The orc warrior throws a stone.
The stone hits you but does no damage.
You see here a stone.
You gain the combat prowess of a mighty hero.
The orc warrior hits you from afar with a +0 trident!
* * * LOW HITPOINT WARNING * * *
The two-headed ogre hits you with a +0 giant spiked club!!
You die...

.....hZ(###...#...# .##
.....(.###.......## #
.....o(.#.......##
.....((###......#
...#(>.# #.....##
...((zz####..#.####
..........##..o...####
....#................##
..###....%.....O@(()..#
.. #.........#...##(.##
..................####
.................##
.....[.......#.###
....#.......####
...#.........#
#####.........
###.####.#


You could see a two-headed ogre and an orc warrior.

Vanquished Creatures
  A gargoyle (D:10)
  A hippogriff (D:7)
  Sigmund (D:3)
  Grum (D:8)
  A wraith (Ossuary)
  A hungry ghost (D:10)
  Duvessa (D:4)
  A necrophage (D:10)
  An orc warrior (D:7)
  2 sky beasts
  3 ogres
  4 centaurs
  A big kobold (Sewer)
  Blork the orc (D:5)
  6 bullfrogs
  A wyvern zombie (D:8)
  Dowan (D:4)
  3 scorpions
  3 killer bees (D:10)
  A wight (D:10)
  3 crimson imps
  A bullfrog zombie (D:6)
  3 hounds
  2 bullfrog skeletons
  A jelly (D:6)
  4 orc priests
  2 centaur skeletons
  Terence (D:2)
  Ijyb (D:3)
  An iguana (D:5)
  6 orc wizards
  9 worker ants
  2 hound zombies
  A mummy (Ossuary)
  2 worker ant zombies
  3 gnolls (D:5)
  11 adders
  2 river rats (D:6)
  2 shadow imps
  2 oozes
  3 adder skeletons
  2 adder zombies
  3 worms
  2 dart slugs
  3 leopard geckos
  30 orcs
  6 ball pythons
  13 bats
  2 giant cockroaches
  5 goblins
  7 hobgoblins
  8 jackals
  2 quokkas
  7 frilled lizards
  7 gnoll skeletons (Ossuary)
  21 kobolds
  6 kobold skeletons (Ossuary)
  A leopard gecko zombie (D:8)
  12 orc skeletons (Ossuary)
  14 rats
248 creatures vanquished.

Vanquished Creatures (others)
  A fungus (D:2)
  A plant (D:2)
2 creatures vanquished.

Grand Total: 250 creatures vanquished

Notes
Turn   | Place    | Note
-------+----------+-------------------------------------------
     0 | D:1      | Blackhawk the Gargoyle Fighter began the quest for the Orb.
     0 | D:1      | Reached XP level 1. HP: 14/14 MP: 1/1
    78 | D:1      | Reached XP level 2. HP: 19/19 MP: 2/2
   703 | D:2      | Found a shattered altar of Ashenzari.
   708 | D:2      | Saw a vision of the Swamp and the Spider Nest.
   708 | D:2      | Noticed an alligator
   708 | D:2      | Noticed an alligator
   708 | D:2      | Noticed a swamp drake
   708 | D:2      | Noticed a water moccasin
   708 | D:2      | Noticed a water moccasin
   708 | D:2      | Noticed a water moccasin
   708 | D:2      | Noticed a redback
   708 | D:2      | Noticed a redback
   708 | D:2      | Noticed a redback
   715 | D:2      | Noticed a redback
   727 | D:2      | Noticed a redback
   762 | D:2      | Reached XP level 3. HP: 23/23 MP: 3/3
   917 | D:2      | Noticed Terence
   933 | D:2      | Killed Terence
   933 | D:2      | Reached XP level 4. HP: 18/29 MP: 4/4
  1119 | D:2      | Found a hazy altar of Hepliaklqana.
  1721 | D:3      | Noticed Sigmund
  1731 | D:3      | Reached XP level 5. HP: 23/33 MP: 5/5
  1732 | D:3      | Killed Sigmund
  1732 | D:3      | Reached XP level 6. HP: 25/39 MP: 6/6
  2295 | D:3      | Noticed Ijyb
  2304 | D:3      | Killed Ijyb
  2594 | D:3      | Found a sparkling altar of Nemelex Xobeh.
  2886 | D:4      | Reached skill level 5 in Fighting
  2886 | D:4      | Reached skill level 1 in Maces & Flails
  2886 | D:4      | Reached skill level 5 in Armour
  2886 | D:4      | Reached skill level 5 in Shields
  2899 | D:4      | Reached XP level 7. HP: 42/44 MP: 7/7
  3235 | D:4      | Found a radiant altar of Vehumet.
  3325 | D:4      | Noticed Duvessa
  3326 | D:4      | Noticed Dowan
  3334 | D:4      | Killed Dowan
  3334 | D:4      | Reached XP level 8. HP: 43/51 MP: 8/8
  3347 | D:4      | Killed Duvessa
  3555 | D:4      | Found a basalt altar of Yredelemnul.
  3703 | D:5      | Entered Level 5 of the Dungeon
  3824 | D:5      | Found a sand-covered staircase.
  3946 | Ossuary  | Entered an ossuary
  3946 | Ossuary  | Noticed a wraith
  3946 | Ossuary  | Noticed a wraith
  3946 | Ossuary  | Noticed a wraith
  4030 | Ossuary  | Noticed a wraith
  4063 | Ossuary  | Killed a wraith
  4318 | D:5      | Found a transporter.
  4324 | D:5      | Found a transporter.
  4324 | D:5      | Noticed alcopop's ghost (amateur DsSu)
  4324 | D:5      | Noticed Blork the orc
  4331 | D:5      | Killed Blork the orc
  4501 | D:5      | Reached XP level 9. HP: 56/56 MP: 9/9
  4770 | D:6      | Found a blossoming altar of Fedhas.
  4920 | D:6      | Found a glowing drain.
  4952 | Sewer    | Entered a sewer
  5488 | D:6      | Reached skill level 5 in Maces & Flails
  5527 | D:6      | Found a runed translucent gate.
  5527 | D:6      | Found a runed translucent gate.
  5527 | D:6      | Found a runed translucent gate.
  5926 | D:6      | Noticed porkupine's ghost (novice MiAK)
  5959 | D:6      | Identified the +8 halberd of Eternal Harmony {chop, rC+
                  | Int-5 Dex+7}
  5962 | D:6      | Found a roughly hewn altar of Beogh.
  6199 | D:7      | Found a snail-covered altar of Cheibriados.
  6382 | D:7      | Found a staircase to the Ecumenical Temple.
  6392 | Temple   | Entered the Ecumenical Temple
  6456 | Temple   | Became a worshipper of Warmaster Okawaru
  6972 | D:8      | Noticed Grum
  7136 | D:8      | Killed Grum
  7247 | D:8      | You fall into a shaft and drop 2 floors!
  7247 | D:10     | Entered Level 10 of the Dungeon
  7265 | D:10     | Reached XP level 10. HP: 48/64 MP: 10/10
  7626 | D:10     | Noticed a gargoyle
  7629 | D:10     | Noticed a two-headed ogre
  7659 | D:10     | Reached * piety under Okawaru
  7709 | D:10     | Killed a gargoyle
  7786 | D:10     | Slain by a two-headed ogre

Levels and vault maps discovered:
D:1:      dpeg_arrival_court, layout_basic
D:2:      layout_loops_ring, marbit_many_paths, first_ration,
          grunt_decor_resistance, grunt_ashenzari_visionary
          [grunt_ashenzari_visionary_swamp, grunt_ashenzari_visionary_spider],
          uniq_terence
D:3:      layout_loops_cross, lemuel_crystal_altar, uniq_ijyb, uniq_sigmund
D:4:      layout_basic, vehumet_statue, yredelemnul_altar_generic,
          minmay_manual_monstrance, uniq_duvessa
D:5:      layout_cave_pools, gammafunk_ghost_arena, nicolae_ossuary_entry_plus,
          uniq_blork_the_orc
D:6:      layout_basic, fedhas_altar_2, portal_sewer_entry_a,
          biasface_ghost_orc_armoury, kennysheep_small_circle
D:7:      layout_basic, slow_altar_1, nicolae_overflow_hidden_temple,
          minmay_temple_entry_slanted
D:8:      layout_rooms, david_lair_shrubbed, basic_altar, serial_shops,
          nicolae_shop_stone, nicolae_shop_trees, nicolae_shop_trees,
          nicolae_shop_stone, nicolae_shop_stone,
          hangedman_little_slice_of_home, uniq_maurice, uniq_grum
D:10:     layout_cross, kennysheep_generic_room_15
D:11:     layout_long_grid, portal_ice_cave_entry_ice_beasts, kennysheep_boxes
Temple:   nicolae_temple_figure_eight

Skill      XL: |  1  2  3  4  5  6  7  8  9 |
---------------+----------------------------+-----
Axes           | 2 3 |  3.2
Fighting       | 4 5 6 8 |  8.8
Armour         | 4 5 6 8 |  8.8
Shields        | 4 5 6 8 |  8.7
Maces & Flails | 1 2 4 6 |  6.6

Action                   |  1- 3 |  4- 6 |  7- 9 | 10-12 || total
-------------------------+-------+-------+-------+-------++-------
Melee: War axe           |   125 |    92 |       |       ||   217
       Mace              |       |    58 |   541 |   111 ||   710
Invok: Heroism           |       |       |       |     3 ||     3
  Use: Scroll            |     4 |     2 |     1 |     2 ||     9
       Potion            |       |     1 |       |     1 ||     2
  Eat: Chunk             |       |     6 |    15 |     3 ||    24
       Ration            |       |       |     1 |       ||     1
Armor: Scale mail        |    86 |       |       |       ||    86
       Chain mail        |       |   120 |   418 |   135 ||   673
Dodge: Dodged            |    47 |    40 |   148 |    70 ||   305
Block: Shield            |    82 |    97 |   346 |   146 ||   671
